AoeStats
← rodrigolbs

Oasis

509808990Analyzed
4v4 RM · 5d ago on Sep 28, 2026· 63m 5s· 8 players
Game mode
Random Map
Map size
Large (8 player)
Population
200
Speed
Normal
Resources
Standard
Victory
Conquest
Starting age
Dark Age
Ending age
Imperial Age
RankedLock teamsTeams togetherTeam positionsShared explorationLock speedFull tech treeHidden civsTurbo modeCheats
Victory
Defeat
🇵🇪 Magyars · Peru
1141
+12
🇵🇪 Franks · Peru
1092
+14
🇨🇱 Wei · Chile
1067
+15
🇵🇪 Inca · Peru
904
+22
🇦🇺 Mongols · Australia
1101
-18
🇦🇺 Inca · Australia
1063
-16
🇨🇳 Dravidians · China
1026
-15
🇺🇸 Khmer · United States
1013
-14
acp961
5:24 Loom
5:41 Loom
6:26 Loom
11:28 Feudal Age
15:45 Castle Age
14:13 Double-Bit Axe
16:42 Bow Saw
23:41 Wheelbarrow
28:26 Hand Cart
29:27 Husbandry
29:26 Gold Mining
29:40 Loom
31:36 Gold Shaft Mining
31:21 Forging
31:17 Scale Barding Armor
31:30 Stone Mining
35:29 Imperial Age
36:11 Chain Barding Armor
36:26 Iron Casting
35:39 Cavalier
37:50 Plate Barding Armor
37:56 Caravan
37:47 Paladin
40:00 Chivalry
40:08 Murder Holes
41:16 Chemistry
45:01 Blast Furnace
44:04 Scale Mail Armor
46:50 Chain Mail Armor
46:27 Fletching
59:44 Conscription
rodrigolbs
7:50 Loom
10:14 Feudal Age
11:19 Double-Bit Axe
16:01 Bloodlines
21:12 Castle Age
20:25 Scale Barding Armor
20:09 Horse Collar
20:32 Gold Mining
22:34 Chain Barding Armor
23:13 Husbandry
30:42 Forging
32:48 Wheelbarrow
32:25 Heavy Plow
35:57 Imperial Age
36:19 Iron Casting
37:15 Bow Saw
37:12 Stone Mining
37:37 Fletching
37:47 Padded Archer Armor
38:13 Ballistics
38:53 Chemistry
39:13 Caravan
39:22 Bodkin Arrow
39:42 Leather Archer Armor
39:58 Parthian Tactics
40:46 Thumb Ring
42:30 Gold Shaft Mining
42:31 Stone Shaft Mining
42:26 Bracer
44:02 Ring Archer Armor
43:58 Conscription
44:56 Ming Guang Armor
47:27 Hoardings
46:57 Tuntian
48:21 Crop Rotation
48:34 Hand Cart
57:14 Town Watch
Chicago789
11:47 Feudal Age
18:31 Castle Age
19:26 Double-Bit Axe
20:53 Horse Collar
22:37 Stone Mining
25:16 Wheelbarrow
25:47 Pikeman
26:28 Squires
26:52 Hand Cart
27:55 Heavy Plow
28:06 Bow Saw
27:47 Gold Mining
28:04 Champi Runner
28:30 Arson
28:48 Town Watch
28:50 Loom
30:34 Stone Shaft Mining
30:34 Gold Shaft Mining
30:15 Forging
29:56 Fletching
30:06 Scale Mail Armor
31:53 Ballistics
30:57 Champi Warrior
33:38 Caravan
34:48 Andean Sling
36:58 Chain Mail Armor
37:18 Iron Casting
43:38 Imperial Age
44:22 Elite Kamayuk
45:23 Conscription
45:04 Fabric Shields
46:33 Capped Ram
47:22 Halberdier
48:23 Elite Champi Warrior
49:13 Onager
54:12 Chemistry
Xavi-10-
6:21 Loom
9:14 Feudal Age
10:34 Double-Bit Axe
11:26 Horse Collar
16:33 Wheelbarrow
19:37 Castle Age
17:50 Gold Mining
19:16 Bloodlines
19:40 Scale Barding Armor
20:45 Bow Saw
22:28 Husbandry
29:49 Imperial Age
27:43 Town Watch
29:02 Fletching
29:51 Bodkin Arrow
29:58 Padded Archer Armor
30:08 Cavalier
30:57 Bracer
31:49 Gold Shaft Mining
31:05 Stone Mining
33:17 Parthian Tactics
34:03 Two-Man Saw
33:04 Heavy Plow
34:03 Thumb Ring
34:21 Chain Barding Armor
36:41 Leather Archer Armor
36:56 Sanctity
36:54 Block Printing
39:25 Town Patrol
39:41 Hand Cart
41:41 Sanctity
41:25 Heavy Cavalry Archer
44:44 Chemistry
44:04 Ballistics
44:48 Recurve Bow
46:33 Plate Barding Armor
46:00 Corvinian Army
45:22 Elite Magyar Huszar
47:08 Conscription
47:48 Hoardings
47:08 Elite Skirmisher
48:50 Caravan
49:45 Treadmill Crane
50:16 Masonry
50:04 Onager
50:55 Siege Engineers
54:11 Ring Archer Armor
53:42 Scale Mail Armor
58:32 Chain Mail Armor
Achilles333
8:29 Loom
10:20 Feudal Age
14:25 Castle Age
13:38 Double-Bit Axe
17:59 Bow Saw
27:22 Gold Mining
28:42 Gold Shaft Mining
31:43 Imperial Age
29:55 Wheelbarrow
32:49 Bloodlines
32:40 Husbandry
34:27 Horse Collar
36:09 Double Crossbow
36:10 Tusk Swords
36:56 Conscription
37:09 Heavy Plow
37:45 Elite Battle Elephant
40:16 Heavy Scorpion
43:20 Crop Rotation
43:09 Caravan
45:28 Siege Engineers
48:28 Capped Ram
51:17 Chemistry
50:37 Ballistics
51:21 Chemistry
51:17 Scale Barding Armor
51:23 Forging
Nibbles
10:12 Feudal Age
13:05 Loom
15:24 Castle Age
13:35 Padded Archer Armor
13:44 Double-Bit Axe
20:45 Fletching
22:15 Bodkin Arrow
29:28 Wheelbarrow
32:40 Gold Mining
34:38 Ballistics
34:14 Murder Holes
36:43 Bow Saw
38:32 Gold Shaft Mining
38:12 Stone Mining
38:08 Horse Collar
39:36 Heavy Plow
44:06 Imperial Age
45:00 Bloodlines
44:51 Husbandry
45:23 Bracer
45:39 Leather Archer Armor
45:30 Scale Barding Armor
47:32 Chemistry
46:38 Siege Engineers
46:42 Squires
46:28 Arson
46:04 Pikeman
47:34 Conscription
47:24 Caravan
48:11 Drill
48:21 Elite Mangudai
NthEagle7752776
0:39 Loom
0:43 Loom
14:16 Feudal Age
19:01 Castle Age
18:41 Double-Bit Axe
18:40 Horse Collar
22:06 Bow Saw
22:03 Heavy Plow
21:57 Pikeman
22:38 Squires
22:54 Scale Mail Armor
24:43 Forging
26:36 Iron Casting
31:21 Wheelbarrow
33:16 Hand Cart
34:29 Gold Mining
34:34 Stone Mining
34:37 Fletching
35:02 Chain Mail Armor
35:09 Arson
37:25 Bodkin Arrow
40:35 Imperial Age
41:46 Conscription
41:50 Wootz Steel
41:29 Halberdier
43:19 Plate Mail Armor
43:50 Blast Furnace
42:46 Bodkin Arrow
44:38 Hoardings
47:19 Two-Man Saw
47:36 Medical Corps
48:27 Bracer
48:28 Padded Archer Armor
50:42 Ballistics
51:22 Chemistry
50:18 Murder Holes
50:34 Masonry
52:30 Town Watch
55:50 Elite Urumi Swordsman
Gezzle
4:49 Loom
13:42 Feudal Age
14:15 Double-Bit Axe
14:12 Horse Collar
24:40 Castle Age
25:19 Pikeman
29:05 Wheelbarrow
32:53 Bow Saw
32:48 Heavy Plow
38:52 Imperial Age
37:22 Hand Cart
39:23 Andean Sling
39:28 Fletching
39:38 Scale Mail Armor
39:49 Forging
39:40 Padded Archer Armor
39:50 Fabric Shields
40:10 Conscription
39:59 Thumb Ring
40:53 Crop Rotation
40:49 Ballistics
41:30 Chemistry
40:22 Town Watch
40:40 Bodkin Arrow
40:23 Champi Runner
42:14 Chain Mail Armor
42:35 Iron Casting
41:23 Champi Warrior
42:30 Halberdier
45:42 Elite Skirmisher
47:06 Leather Archer Armor
46:52 Bracer
Connection lost

Rejoining the realm…

Still unreachable

The connection could not be restored.

Session expired

The server has moved on; the page needs a fresh start.